 Dungeon Crawl Stone Soup version 0.30.1-9-gdf580d7c3d (webtiles) character file.

Game seed: 12290801018011304828

11 croobank the Covert (level 2, 0/29 HPs)
             Began as a Gnoll Delver on Sept 29, 2023.
             Slain by a sleepcap (8 damage)
             ... in the Ecumenical Temple.
             The game lasted 00:01:43 (84 turns).

croobank the Covert (Gnoll Delver)                    Turns: 84, Time: 00:01:43

Health: 0/29       AC:  3    Str: 11    XL:     2   Next: 25%
Magic:  2/2        EV: 13    Int:  9    God:
Gold:   0          SH:  0    Dex: 13    Spells: 1/1 levels left

rFire   . . .        a - +0 short sword
rCold   . . .        (no shield)
rNeg    . . .        b - +0 leather armour
rPois   .            (no helmet)
rElec   .            (no cloak)
rCorr   .            (no gloves)
SInv    .            (no boots)
Will    .....        (no amulet)
Stlth   ++++         (no ring)
HPRegen 0.24/turn    (no ring)
MPRegen 0.08/turn

%: no passive effects
@: hasted, very quick
A: fangs 1, strong nose, distributed training
a: no special abilities


You were in the Ecumenical Temple.
You visited 2 branches of the dungeon, and saw 3 of its levels.

Inventory:

Hand Weapons
 a - a +0 short sword (weapon)
Armour
 b - a +0 leather armour (worn)
Wands
 g - a wand of digging (3)
Scrolls
 c - a scroll of fog
 d - a scroll of magic mapping


   Skills:
 + Level 6.4 Fighting
 + Level 4.4 Short Blades
 + Level 0.3 Long Blades
 + Level 0.3 Axes
 + Level 0.3 Maces & Flails
 + Level 0.3 Polearms
 + Level 0.3 Staves
 + Level 0.3 Ranged Weapons
 + Level 0.3 Throwing
 + Level 0.3 Armour
 + Level 4.4 Dodging
 + Level 9.5 Stealth
 + Level 0.3 Shields
 + Level 0.3 Unarmed Combat
 + Level 0.3 Spellcasting
 + Level 0.2 Conjurations
 + Level 0.2 Hexes
 + Level 0.2 Summonings
 + Level 0.2 Necromancy
 + Level 0.2 Translocations
 + Level 0.2 Transmutations
 + Level 0.2 Fire Magic
 + Level 0.2 Ice Magic
 + Level 0.2 Air Magic
 + Level 0.2 Earth Magic
 + Level 0.2 Poison Magic
 + Level 0.4 Invocations
 + Level 0.3 Evocations


You had one spell level left.
You didn't know any spells.
Your spell library was empty.

Dungeon Overview and Level Annotations

Branches:
Dungeon (6/15)             Temple (1/1) D:5

Altars:


Innate Abilities, Weirdness & Mutations

You have very sharp teeth.
Your uncanny sense of smell can sniff out nearby items.
Your experience applies equally to all skills.


Message History

You are engulfed in a cloud of soporific spores!
You fall asleep.
The sleepcap releases spores at you!
You wake up.
You hit the sleepcap but do no damage.
The sleepcap is lightly damaged.
You hit the sleepcap but do no damage.
The sleepcap is lightly damaged.
The sleepcap releases spores at you.
You are engulfed in a cloud of soporific spores!
You are unaffected.
You hit the sleepcap but do no damage.
The sleepcap is lightly damaged.
You completely miss the sleepcap.
The sleepcap is lightly damaged.
The sleepcap closely misses you.
You hit the sleepcap.
The sleepcap is moderately damaged.
You hit the sleepcap.
The sleepcap is heavily damaged.
The sleepcap releases spores at you.
* * * LOW HITPOINT WARNING * * *
You hit the sleepcap but do no damage.
You bite the sleepcap, but do no damage.
The sleepcap is heavily damaged.
You hit the sleepcap but do no damage.
The sleepcap is heavily damaged.
The sleepcap barely misses you.
You aren't carrying any potions.
You hit the sleepcap.
The sleepcap is severely damaged.
You hit the sleepcap but do no damage.
You bite the sleepcap, but do no damage.
The sleepcap is severely damaged.
The sleepcap misses you.
You hit the sleepcap.
The sleepcap is severely damaged.
You hit the sleepcap.
The sleepcap is almost destroyed.
The sleepcap releases spores at you!
You die...

#.# #.#
#.# ##.##
##...##
##8...8##
#....f..#
#8..@..8#
#.......#
##8...8##
##...##
##.## #.#
..# ###


You could see a sleepcap.

Vanquished Creatures
  An adder (D:5)
  An orc (D:5)
2 creatures vanquished.

Vanquished Creatures (others)
  A hound (D:5)
1 creature vanquished.

Grand Total: 3 creatures vanquished

Notes
Turn   | Place    | Note
-------+----------+-------------------------------------------
     0 | D:5      | Reached skill level 9 in Stealth
     0 | D:5      | croobank the Gnoll Delver began the quest for the Orb.
     0 | D:5      | Reached XP level 1. HP: 23/23 MP: 1/1
     1 | D:6      | Noticed a black bear
     8 | D:5      | Killed a hound
    31 | D:5      | Found a staircase to the Ecumenical Temple.
    37 | D:5      | Reached XP level 2. HP: 29/29 MP: 2/2
    54 | D:5      | Noticed a black bear
    69 | Temple   | Entered the Ecumenical Temple
    84 | Temple   | Slain by a sleepcap

Illustrated notes

Levels and vault maps discovered:
D:5:      layout_loops_ring, bloody_trog, minmay_temple_entry_sparse_star,
          serial_shops, shop, nicolae_shop_crystal, shop,
          nicolae_shop_waterfront, nrook_campfire,
          chequers_serial_rivers_small_a, kb_lookout_dungeons_type
D:6:      layout_loops_ring, mainiacjoe_overflow_boulevard, uniq_edmund
Temple:   hellmonk_temple_beads

Skill      XL: | |
---------------+-+-----
Stealth        | |  9.5
Fighting       | |  6.4
Short Blades   | |  4.4
Long Blades    | |  0.3
Axes           | |  0.3
Maces & Flails | |  0.3
Polearms       | |  0.3
Staves         | |  0.3
Ranged Weapons | |  0.3
Throwing       | |  0.3
Armour         | |  0.3
Dodging        | |  4.4
Shields        | |  0.3
Unarmed Combat | |  0.3
Spellcasting   | |  0.3
Conjurations   | |  0.2
Hexes          | |  0.2
Summonings     | |  0.2
Necromancy     | |  0.2
Translocations | |  0.2
Transmutations | |  0.2
Fire Magic     | |  0.2
Ice Magic      | |  0.2
Air Magic      | |  0.2
Earth Magic    | |  0.2
Poison Magic   | |  0.2
Invocations    | |  0.4
Evocations     | |  0.3

Action                     || total
---------------------------++-------
  Melee: Short sword       ||    16
         Bite              ||     3
    Use: Scroll            ||     2
         Potion            ||     1
   Stab: Sleeping          ||     2
  Dodge: Dodged            ||     5
